 Dungeon Crawl Stone Soup version 0.17.1-2-g5865329 (webtiles) character file.

78 Grim the Grave Robber (level 4, -3/33 HPs)
             Began as a Ghoul Necromancer on Jan 12, 2016.
             Slain by a kobold
             ... wielding a +2 dagger of flaming
              (5 damage)
             ... on level 1 of the Dungeon.
             The game lasted 00:06:13 (2403 turns).

Grim the Grave Robber (Ghoul Necromancer)           Turns: 2403, Time: 00:06:13

Health: -3/33      AC:  2    Str: 11    XL:     4   Next: 36%
Magic:  0/5        EV: 12    Int: 11    God:
Gold:   63         SH:  0    Dex:  9    Spells: 1 memorised, 5 levels left

rFire  . . .     SeeInvis .     (no weapon)
rCold  + . .     Clarity  .     a - +0 robe
rNeg   + + +     SustAt   .     (no shield)
rPois  ∞         Gourm    .     (no helmet)
rElec  .         Spirit   .     (no cloak)
rCorr  .         Warding  .     (no gloves)
rMut   .         Stasis   .     (no boots)
MR     .....                    (no amulet)
Stlth  ++........               (no ring)
                                (no ring)

@: rotting, not resistant to hostile enchantments, unstealthy
A: rotting body, claws 1, carnivore 3, cold resistance 1, negative energy
resistance 3, slow regeneration 1, torment resistance, unbreathing
a: no special abilities


You were on level 1 of the Dungeon.
You were not hungry.

You visited 1 branch of the dungeon, and saw 2 of its levels.

You collected 63 gold pieces.

Inventory:

Armour
 a - a +0 robe (worn)
Jewellery
 d - an uncursed ring of wizardry {unknown}
Scrolls
 e - a scroll of fear {unknown}
 f - a scroll of enchant armour {unknown}
 h - a scroll of identify {unknown}
Potions
 g - a potion of haste
Books
 b - a book of Necromancy

   Spells                             Type                      Level
   a - Pain                           Necromancy                   1
   b - Animate Skeleton               Necromancy                   1
   c - Vampiric Draining              Necromancy                   3
   d - Regeneration                   Charms/Necromancy            3
   e - Animate Dead                   Necromancy                   4
   f - Control Undead                 Necromancy                   4
Comestibles
 c - a meat ration


   Skills:
 - Level 1.7 Dodging
 - Level 2.1 Stealth
 - Level 1.7 Spellcasting
 + Level 5.7 Necromancy


You had 5 spell levels left.
You knew the following spells:

 Your Spells              Type           Power        Failure   Level  Hunger
a - Pain                  Necr           ##..         2%          1    ##.....


Dungeon Overview and Level Annotations

Branches:
Dungeon (2/15)

Altars:
The Shining One

Annotations:
D:1 Terence


Innate Abilities, Weirdness & Mutations

Your body is rotting away.
You thrive on raw meat.
You are immune to poison.
You have sharp fingernails.
You are carnivorous and can eat meat at any time.
Your flesh is cold resistant.
You are immune to negative energy.
You regenerate slowly when monsters are visible.
You are immune to unholy pain and torment.
You can survive without breathing.


Message History

You scratch the kobold.
You kill the kobold!
The kobold hits you but does no damage. The kobold completely misses you.
Things that are here:
a club x2
Eat which item? (? for menu, Esc to quit)
Okay, then.
Casting: Pain
Confirm with . or Enter, or press ? or * to list all spells.
Aiming: Pain
Press: ? - help, Shift-Dir - straight line, f - kobold
Aim: a kobold, wielding a dagger of flaming (chance to defeat MR: 91%)
The kobold convulses in agony!
The kobold hits you with a dagger of flaming.
* * * LOW HITPOINT WARNING * * *
The kobold burns you.
* * * LOW HITPOINT WARNING * * *
The kobold hits you with a dagger of flaming.
You die...

##### ####...#
.#.....########
.+...........>#
.#.....######)#####
.#..........#.@K..#
.####'#####w####@#####
#....................#
#.....[.###.#####.##.#
#...............#.##.#
.........########.##.#
.....................#
.............)....####
.......############
.........#


You could see Terence and a kobold.

Vanquished Creatures
  Jessica (D:2)
  An adder (D:2)
  An ooze (D:2)
  2 giant geckos
  4 bats
  4 goblins (D:1)
  3 hobgoblins
  3 jackals (D:1)
  7 kobolds
  2 giant cockroaches
  2 giant newts
  6 rats
36 creatures vanquished.

Notes
Turn   | Place    | Note
--------------------------------------------------------------
     0 | D:1      | Grim the Ghoul Necromancer began the quest for the Orb.
     0 | D:1      | Reached XP level 1. HP: 14/14 MP: 2/2
   478 | D:1      | Reached XP level 2. HP: 19/19 MP: 1/3
  1209 | D:2      | Reached XP level 3. HP: 26/26 MP: 1/4
  1211 | D:2      | Noticed Terence
  1259 | D:2      | Reached skill level 5 in Necromancy
  1550 | D:2      | Found a glowing golden altar of the Shining One.
  1560 | D:2      | Noticed Jessica
  1564 | D:2      | Killed Jessica
  1564 | D:2      | Reached XP level 4. HP: 33/33 MP: 1/5
  2403 | D:1      | Slain by a kobold

Action                   |  1- 3 |  4- 6 || total
-------------------------+-------+-------++-------
Melee: Unarmed           |    55 |    11 ||    66
 Cast: Pain              |    46 |    17 ||    63
  Use: Potion            |     1 |     1 ||     2
  Eat: Chunk             |     5 |     1 ||     6
       Meat ration       |       |     1 ||     1
